 Dungeon Crawl Stone Soup version 0.23-a0-612-gcb482e9 (webtiles) character file.

933 Mgcat the Cleaver (level 8, -6/102 HPs)
             Began as a Hill Orc Gladiator on Dec 21, 2018.
             Was an Initiate of Beogh.
             Mangled by an orc warrior
             ... wielding a +0 dire flail
              (8 damage)
             ... on level 6 of the Dungeon.
             The game lasted 00:09:40 (4828 turns).

Mgcat the Cleaver (Hill Orc Gladiator)              Turns: 4828, Time: 00:09:41

Health: -6/102     AC: 24    Str: 19    XL:     8   Next: 11%
Magic:  8/8        EV:  2    Int:  8    God:    Beogh [......]
Gold:   277        SH:  0    Dex: 12    Spells: 7/7 levels left

rFire    . . .     SeeInvis .   a - +0 war axe
rCold    . . .     Gourm    .   (no shield)
rNeg     + + +     Faith    .   (armour currently unavailable)
rPois    +         Spirit   .   (helmet currently unavailable)
rElec    .         Reflect  .   (cloak currently unavailable)
rCorr    .         Harm     .   (gloves currently unavailable)
MR       +....     NoTele   +   (boots currently unavailable)
Stlth    +.........             (no amulet)
HPRegen  0.27/turn              u - ring of protection from magic {MR+, !d}
MPRegen  0.11/turn              b - ring of positive energy {rN+}

@: tree-form, drained
A: no striking features
a: Renounce Religion


You were on level 6 of the Dungeon.
You worshipped Beogh.
Beogh was noncommittal.
You were not hungry.
You were a tree.
You visited 1 branch of the dungeon, and saw 6 of its levels.

You collected 277 gold pieces.

Inventory:

Hand Weapons
 a - a +0 war axe (weapon)
 y - a +0 war axe
   (You found it on level 6 of the Dungeon)
Missiles
 d - 3 throwing nets {=f, !d}
Armour
 c - a +0 helmet (melded)
 g - a +0 plate armour (melded)
   (You found it on level 1 of the Dungeon)
 k - a +2 pair of gloves (melded)
   (You found it on level 1 of the Dungeon)
Jewellery
 b - a ring of positive energy (right branch) {rN+}
   (You found it on level 4 of the Dungeon)
 r - an uncursed ring of flight {+Fly, !d}
   (You found it on level 3 of the Dungeon)
 u - a ring of protection from magic (left branch) {MR+, !d}
   (You found it on level 5 of the Dungeon)
Wands
 v - a wand of flame (9)
   (You took it off Edmund on level 5 of the Dungeon)
Scrolls
 e - a scroll of fog {unknown}
 h - 8 scrolls of identify
 i - 3 scrolls of remove curse {unknown}
 l - 3 scrolls of enchant weapon {unknown}
 t - a scroll of blinking {unknown}
 x - a scroll of fear {unknown}
Potions
 j - 2 potions of haste {unknown}
 m - a potion of flight
 n - 2 potions of curing
 o - 2 potions of berserk rage {unknown}
 q - 2 potions of lignification {!q}
 s - a potion of magic {unknown}
 z - a potion of degeneration {unknown}
Comestibles
 f - 8 rations
 w - 3 chunks of flesh {@w0}


   Skills:
 - Level 5.0(4.4) Fighting
 + Level 9.2(8.5) Axes
 - Level 1.7(1.2) Throwing
 - Level 5.0(4.4) Dodging


You had 7 spell levels left.
You didn't know any spells.
Your spell library was empty.

Dungeon Overview and Level Annotations

Branches:
Dungeon (6/15)
 Temple: D:4-7

Altars:
Dithmenos
Elyvilon
Fedhas
Gozag
Kikubaaqudgha
Makhleb
Qazlal
Ru


Message History

You slash the orc priest!
The orc priest is severely wounded.
You hit the orc warrior but do no damage.
The orc warrior closely misses you.
The orc priest calls upon Beogh to heal the orc wizard.
The orc wizard's wounds heal themselves!
Your plate armour prevents you from hitting the orc priest.
The orc priest is severely wounded.
Your plate armour prevents you from hitting the orc warrior.
The orc warrior hits you with a +0 dire flail.
The orc priest calls down the wrath of Beogh upon you.
Beogh smites you!
You hit the orc priest.
You kill the orc priest!
Beogh accepts your kill.
Beogh appreciates your killing of a heretic priest.
Your base Axes skill increases to level 9!
You closely miss the orc warrior. You hit the orc wizard.
The orc wizard hits you but does no damage.
You partially resist.
You feel drained.
The orc warrior hits you with a +0 dire flail.
The orc wizard hits you with a +2 dagger of draining.
You partially resist.
You feel drained.
You are too injured to fight recklessly!
You are too injured to fight recklessly!
You are too injured to fight recklessly!
You are too injured to fight recklessly!
You slash the orc warrior!
The orc warrior is moderately wounded.
You slash the orc wizard!
The orc wizard hits you but does no damage.
You partially resist.
You feel drained.
The orc warrior hits you with a +0 dire flail.
The orc wizard gestures wildly while chanting.
The orc wizard blinks!
You hit the orc warrior.
The orc warrior is heavily wounded.
The orc wizard casts a spell.
The orc wizard blinks!
The orc warrior hits you with a +0 dire flail.
You hit the orc warrior but do no damage.
The orc warrior is heavily wounded.
Your plate armour prevents you from hitting the orc wizard.
The orc wizard hits you but does no damage.
You partially resist.
You feel drained.
The orc warrior hits you with a +0 dire flail!
The orc wizard casts a spell at you. The magic dart hits you!
You closely miss the orc warrior.
The orc warrior is heavily wounded.
You slash the orc wizard!
You kill the orc wizard!
Beogh accepts your kill.
The orc warrior hits you with a +0 dire flail!
* * * LOW HITPOINT WARNING * * *
You hit the orc warrior but do no damage.
The orc warrior is heavily wounded.
The orc warrior hits you with a +0 dire flail.
* * * LOW HITPOINT WARNING * * *
You hit the orc warrior.
The orc warrior is severely wounded.
The orc warrior barely misses you.
Your plate armour prevents you from hitting the orc warrior.
The orc warrior is severely wounded.
The orc warrior hits you with a +0 dire flail!
* * * LOW HITPOINT WARNING * * *
You feel much better.
The orc warrior hits you with a +0 dire flail!
* * * LOW HITPOINT WARNING * * *
You barely miss the orc warrior.
The orc warrior is severely wounded.
The orc warrior completely misses you.
Really quaff
q - 3 potions of lignification {!q}?
You turn into a tree.
Your +0 helmet melds into your body.
Your +2 pair of gloves melds into your body.
Your +0 plate armour melds into your body.
Your roots penetrate the ground.
The orc warrior hits you but does no damage.
You completely miss the orc warrior.
The orc warrior is severely wounded.
The orc warrior hits you with a +0 dire flail!
* * * LOW HITPOINT WARNING * * *
You barely miss the orc warrior.
The orc warrior is severely wounded.
The orc warrior hits you but does no damage.
You hit the orc warrior but do no damage.
The orc warrior is severely wounded.
The orc warrior hits you but does no damage.
You hit the orc warrior but do no damage.
The orc warrior is severely wounded.
The orc warrior hits you but does no damage.
You closely miss the orc warrior.
The orc warrior is severely wounded.
The orc warrior hits you with a +0 dire flail!
* * * LOW HITPOINT WARNING * * *
You barely miss the orc warrior.
The orc warrior is severely wounded.
The orc warrior hits you with a +0 dire flail!
You die...
Beogh appreciates the orc warrior's killing of a heretic priest.

# #...## ### #.
#####.#####.# #.######.#
##..##..# ##........#
###.##>. ...... #.#
#..##.. ## #..###.##
##.###..
##..###...##..###..# #..
........)..#..##..## #..
<.....o♣.......#..# #..
......[.#.........# #..
..#...####........####..
...... .................
##... .#..)##.......###
#..# .............### #
#.. ............# !.
#.####...###.# ##..#
#..#


You could see an orc warrior.

Vanquished Creatures
  Edmund (D:5)
  An ogre (D:4)
  A bullfrog (D:6)
  A water moccasin skeleton (D:5)
  2 hounds
  A jelly (D:6)
  A centaur skeleton (D:4)
  2 orc priests (D:6)
  5 orc wizards
  3 worker ants
  11 adders
  2 oozes
  2 adder skeletons
  3 worms
  3 dart slugs
  3 leopard geckos
  17 orcs
  6 bats
  2 giant cockroaches
  9 goblins
  6 hobgoblins
  4 jackals (D:1)
  6 kobolds
  7 quokkas
  2 ball pythons (D:4)
  2 frilled lizards
  A jackal skeleton (D:4)
  A quokka skeleton (D:5)
  6 rats
111 creatures vanquished.

Notes
Turn   | Place    | Note
-------+----------+-------------------------------------------
     0 | D:1      | Mgcat the Hill Orc Gladiator began the quest for the Orb.
     0 | D:1      | Reached XP level 1. HP: 18/18 MP: 1/1
   163 | D:1      | Reached XP level 2. HP: 20/25 MP: 2/2
   894 | D:2      | Reached skill level 3 in Fighting
   902 | D:2      | Reached XP level 3. HP: 21/31 MP: 3/3
  1134 | D:2      | Reached skill level 3 in Dodging
  1134 | D:2      | Reached XP level 4. HP: 38/38 MP: 4/4
  1157 | D:2      | Reached skill level 5 in Axes
  1660 | D:3      | Reached skill level 4 in Fighting
  1667 | D:3      | Reached XP level 5. HP: 41/46 MP: 5/5
  2178 | D:4      | Noticed an ogre
  2186 | D:4      | Killed an ogre
  2186 | D:4      | Reached skill level 6 in Axes
  2186 | D:4      | Reached XP level 6. HP: 40/53 MP: 6/6
  2483 | D:4      | Reached skill level 5 in Fighting
  2729 | D:4      | Got an ichor-stained long sword
  2730 | D:4      | Identified the +7 long sword "Ziad Ysi" {speed, +Rage
                  | Str+2} (You found it on level 4 of the Dungeon)
  3297 | D:5      | Entered Level 5 of the Dungeon
  3333 | D:5      | Reached skill level 4 in Dodging
  3469 | D:5      | Reached XP level 7. HP: 60/61 MP: 7/7
  3639 | D:5      | Reached skill level 7 in Axes
  3679 | D:5      | Noticed Edmund
  3704 | D:5      | Killed Edmund
  3819 | D:5      | Became a worshipper of Beogh the Brigand
  4180 | D:5      | Found a blossoming altar of Fedhas.
  4351 | D:6      | Found a shadowy altar of Dithmenos.
  4352 | D:6      | Found a blossoming altar of Fedhas.
  4354 | D:6      | Found a sacrificial altar of Ru.
  4354 | D:6      | Found an opulent altar of Gozag.
  4363 | D:6      | Found a stormy altar of Qazlal.
  4388 | D:6      | Found an ancient bone altar of Kikubaaqudgha.
  4390 | D:6      | Found a burning altar of Makhleb.
  4514 | D:6      | Reached skill level 8 in Axes
  4514 | D:6      | Reached skill level 5 in Dodging
  4644 | D:6      | Found a white marble altar of Elyvilon.
  4711 | D:6      | Identified the +5 hand axe of Ucearae {freeze, rC++ Stlth-}
  4723 | D:6      | Reached XP level 8. HP: 57/68 MP: 8/8
  4812 | D:6      | Reached skill level 9 in Axes
  4817 | D:6      | HP: 14/68 [orc warrior/+0 dire flail (4)]
  4819 | D:6      | HP: 1/68 [orc warrior/+0 dire flail (13)]
  4827 | D:6      | HP: 2/102 [orc warrior/+0 dire flail (13)]
  4828 | D:6      | Mangled by an orc warrior

Vault maps used:
D:1:      tarquinn_simple_flora_water_e
D:2:      first_ration
D:4:      minmay_recursive_quarters
D:5:      fedhas_altar_4, uniq_edmund
D:6:      grunt_temple_overflow_open, minmay_temple_entry_poolview,
          elyvilon_altar_5

Skill      XL: |  1  2  3  4  5  6  7  8 |
---------------+-------------------------+-----
Fighting       | 3 4 5 |  5.0
Dodging        | 3 4 5 |  5.0
Axes           | 5 6 8 9 |  9.2
Throwing       | |  1.7

Action                   |  1- 3 |  4- 6 |  7- 9 || total
-------------------------+-------+-------+-------++-------
Melee: War axe           |    81 |   215 |   113 ||   409
Invok: Convert to Beogh  |       |       |     1 ||     1
  Use: Scroll            |       |       |     4 ||     4
       Potion            |       |       |     3 ||     3
  Eat: Chunk             |     1 |     8 |     4 ||    13
Armor: Leather armour    |    16 |       |       ||    16
       Plate armour      |    27 |   199 |    51 ||   277
       Skin              |       |       |    14 ||    14
Dodge: Dodged            |    59 |    76 |    41 ||   176

Table legend:
 A = Non-vault XP
 B = Vault XP
 C = Vault XP percentage of total XP
 D = Non-vault monster count
 E = Vault monster count
 F = Vault count percentage of total count
                 A         B        C        D         E       F
            +---------+---------+-------+---------+---------+-------
      Total |    1091 |     243 |  18.2 |     104 |       7 |   6.3
            +---------+---------+-------+---------+---------+-------
        D:1 |      24 |       0 |   0.0 |      14 |       0 |   0.0
        D:2 |      87 |       0 |   0.0 |      21 |       0 |   0.0
        D:3 |     136 |       0 |   0.0 |      27 |       0 |   0.0
        D:4 |     180 |      67 |  27.1 |      10 |       6 |  37.5
        D:5 |     293 |     176 |  37.5 |      16 |       1 |   5.9
        D:6 |     371 |       0 |   0.0 |      16 |       0 |   0.0
            +---------+---------+-------+---------+---------+-------

Vault maps used:
D:1:      tarquinn_simple_flora_water_e
D:2:      first_ration
D:4:      minmay_recursive_quarters
D:5:      fedhas_altar_4, uniq_edmund
D:6:      grunt_temple_overflow_open, minmay_temple_entry_poolview,
          elyvilon_altar_5

Table legend:
 A = Turns spent in this place as a percentage of turns spent in the entire game.
 B = Non-inter-level travel turns spent in this place as a percentage of non-inter-level travel turns spent in the entire game.
 C = Inter-level travel turns spent in this place as a percentage of turns spent in this place.
 D = Turns resting spent in this place as a percentage of non-inter-level travel turns spent in this place.
 E = Turns spent auto-exploring this place as a percentage of non-inter-level travel turns spent in this place.
 F = Non-inter-level travel turns spent in this place divided by the number of levels of this place that you've seen.
                   A       B       C       D       E      F
               +-------+-------+-------+-------+-------+----------------------
         Total | 100.0 | 100.0 |   3.1 |   0.8 |  82.8 | 779.7
       Dungeon | 100.0 | 100.0 |   3.1 |   0.8 |  82.8 | 779.7
               +-------+-------+-------+-------+-------+----------------------

Table legend:
 A = Kills in this place as a percentage of kills in entire the game.
 B = Kills by you in this place as a percentage of kills by you in the entire game.
 C = Kills by friends in this place as a percentage of kills by friends in the entire game.
 D = Other kills in this place as a percentage of other kills in the entire game.
 E = Experience gained in this place as a percentage of experience gained in the entire game.
 F = Experience gained in this place divided by the number of levels of this place that you have seen.
                   A       B       C       D       E      F
               +-------+-------+-------+-------+-------+----------------------
         Total | 100.0 | 100.0 |   N/A |   N/A | 100.0 | 222.3
       Dungeon | 100.0 | 100.0 |   N/A |   N/A | 100.0 | 222.3
               +-------+-------+-------+-------+-------+----------------------
